[Event "*** SCC Grand Prix: Titled Tuesday Blitz"]
[Site "Chess.com"]
[Date "2020.09.29"]
[Round "8"]
[White "Msb2"]
[Black "Akmal_Fayzullaev"]
[Result "1-0"]
[WhiteElo "2919"]
[BlackElo "2346"]
[TimeControl "180+1"]
[EndTime "11:27:05 PDT"]
[Termination "Msb2 won by resignation"]

1. d4 Nf6 2. c4 c5 3. d5 g6 4. Nc3 Bg7 5. e4 d6 6. Be2 O-O 7. Be3 e6 8. Nf3 exd5 9. cxd5 Bg4 10. Nd2 Bxe2 11. Qxe2 Re8 12. f3 Nbd7 13. a4 a6 14. O-O 1-0

[Event "*** SCC Grand Prix: Titled Tuesday Blitz"]
[Site "Chess.com"]
[Date "2020.09.29"]
[Round "8"]
[White "mortngabriel"]
[Black "cassoulet"]
[Result "0-1"]
[WhiteElo "2457"]
[BlackElo "2631"]
[TimeControl "180+1"]
[EndTime "11:28:07 PDT"]
[Termination "cassoulet won by resignation"]

1. d4 Nf6 2. c4 g6 3. Nc3 Bg7 4.
e4 d6 5. h3 O-O 6. Be3 a6 7. Nf3 Nbd7 8. Be2 c5 9. d5 b5 10. cxb5 axb5 11. Bxb5 Nxe4 12. Nxe4 Qa5+ 13. Nc3 Bxc3+ 14. bxc3 Qxb5 15. Qe2 Qxe2+ 16. Kxe2 Ba6+ 17.
Kd2 Bc4 0-1

[Event "*** SCC Grand Prix: Titled Tuesday Blitz"]
[Site "Chess.com"]
[Date "2020.09.29"]
[Round "8"]
[White "chessmaGIA"]
[Black "DonPreuss"]
[Result "0-1"]
[WhiteElo "1664"]
[BlackElo "2248"]
[TimeControl "180+1"]
[EndTime "11:28:27 PDT"]
[Termination "DonPreuss won by resignation"]

1. d4 Nc6 2. d5 Ne5 3. Bf4 Ng6 4. Bg3 e5 5. dxe6 fxe6 6. Nc3 Nf6 7. e4 Bc5 8. Nf3 O-O 9. Bc4 Kh8 10. O-O d6 11. Qe2 e5 12. Rad1 Bg4 13. Rfe1 Nh5 14. Rd5 Nhf4 15.
Bxf4 Nxf4 16. Qd1 Bxf3 17. gxf3 Qg5+ 0-1

[Event "*** SCC Grand Prix: Titled Tuesday Blitz"]
[Site "Chess.com"]
[Date "2020.09.29"]
[Round "8"]
[White "Ural_bogatyr"]
[Black "LubovMarkelova"]
[Result "1-0"]
[WhiteElo "2363"]
[BlackElo "2214"]
[TimeControl "180+1"]
[EndTime "11:28:35 PDT"]
[Termination "Ural_bogatyr won by resignation"]

1. e4 e6 2. d4 d5 3. Bd3 dxe4 4. Bxe4 Nf6 5. Bf3 c5 6. Ne2 Nc6 7. Be3 cxd4 8. Nxd4 Ne5 9. Nc3 Bb4 10. O-O Nxf3+ 11.
Qxf3 Bxc3 12. bxc3 O-O 13. Rfd1 Qa5 14. c4 Bd7 15. Nb3 Qf5 16. Qxf5 exf5 17. Bg5 Be6 18. Bxf6 gxf6 19. Nc5 Bxc4 20. Nxb7 Rfd8 21. Rxd8+ 1-0

[Event "*** SCC Grand Prix: Titled Tuesday Blitz"]
[Site "Chess.com"]
[Date "2020.09.29"]
[Round "8"]
[White "Jadeit90"]
[Black "Nastya_Rakhmangulova"]
[Result "1/2-1/2"]
[WhiteElo "2333"]
[BlackElo "2429"]
[TimeControl "180+1"]
[EndTime "11:28:38 PDT"]
[Termination "Game drawn by agreement"]

1. g3 d5 2. Bg2 c6 3. c4 Nf6 4.
cxd5 cxd5 5. Nf3 Nc6 6. O-O e5 7. d3 Be7 8. Nc3 O-O 9. Bg5 Be6 10. Bxf6 Bxf6 11. e4 d4 12. Nd5 Bxd5 13. exd5 Qxd5 14.
Nd2 Qd7 15. Qa4 Rfc8 16. Rac1 a6 17. Ne4 Be7 18. Nc5 Bxc5 19. Rxc5 Nb8 20. Qxd7 Nxd7 21. Rxc8+ Rxc8 22. Bxb7 Rb8 23. Bxa6 Rxb2 24. Bc4 Nb6 25. Bb3 1/2-1/2

[Event "*** SCC Grand Prix: Titled Tuesday Blitz"]
[Site "Chess.com"]
[Date "2020.09.29"]
[Round "8"]
[White "kakorrhaphiophobie"]
[Black "RU_B9"]
[Result "1-0"]
[WhiteElo "2256"]
[BlackElo "1883"]
[TimeControl "180+1"]
[EndTime "11:28:49 PDT"]
[Termination "kakorrhaphiophobie won by resignation"]

1. e4 c5 2. d4 cxd4 3. c3 dxc3 4. Nxc3 Nc6 5. Nf3 d6 6. Bc4 a6 7. O-O Nf6 8. Qe2 Bg4 9. Rd1 Qb8 10. h3 Bxf3 11. Qxf3 Ne5 12. Qe2 Nxc4 13. Qxc4 e6 14. Bf4 Be7 15. Qb4 O-O 16. Bxd6 Bxd6 17. Qxd6 Rd8 18.
Qe7 Qe5 19. Rxd8+ 1-0

[Event "*** SCC Grand Prix: Titled Tuesday Blitz"]
[Site "Chess.com"]
[Date "2020.09.29"]
[Round "8"]
[White "krasavetc"]
[Black "Artem_Sadovsky"]
[Result "0-1"]
[WhiteElo "2335"]
[BlackElo "2528"]
[TimeControl "180+1"]
[EndTime "11:28:58 PDT"]
[Termination "Artem_Sadovsky won by resignation"]

1. e4 g6 2. Nf3 Bg7 3. d4 d6 4.
c3 e5 5. dxe5 dxe5 6. Qxd8+ Kxd8 7. Bc4 f6 8. O-O Nd7 9. Rd1 c6 10. Nbd2 Kc7 11. Nb3 a5 12. Be3 Bh6 13. Bxh6 Nxh6 14. Be6 a4 15. Bxd7 Bxd7 16. Nc5 Bc8 17. Nd2 b6 18. Nd3 Rd8 19. Nc4 Ba6 20. b3 axb3 21.
Ncb2 Bxd3 22. Rxd3 Rxa2 23. Rb1 Rxb2 0-1

[Event "*** SCC Grand Prix: Titled Tuesday Blitz"]
[Site "Chess.com"]
[Date "2020.09.29"]
[Round "8"]
[White "misterlamine"]
[Black "Orest_Vovk"]
[Result "0-1"]
[WhiteElo "2297"]
[BlackElo "2401"]
[TimeControl "180+1"]
[EndTime "11:29:14 PDT"]
[Termination "Orest_Vovk won by checkmate"]

1. d4 Nc6 2. c4 e5 3. d5 Nce7 4. e4 Ng6 5. Be3 Bb4+ 6. Nd2 Nf6 7. Bd3 O-O 8. a3 Bxd2+ 9. Qxd2 d6 10. Ne2 Ng4 11.
Bg5 f6 12. Be3 Nxe3 13. Qxe3 f5 14. exf5 Bxf5 15. Bxf5 Rxf5 16. O-O Qh4 17. Ng3 Rf4 18. c5 b6 19. cxd6 cxd6 20. Rac1 Raf8 21. Rc6 Ne7 22. Rxd6 e4 23. Rd7 Ng6 24. Qc3 R4f6 25. Rxa7 Nf4 26. Re7 Qxg3 27. hxg3 Ne2+ 28. Kh1 Rh6# 0-1

[Event "*** SCC Grand Prix: Titled Tuesday Blitz"]
[Site "Chess.com"]
[Date "2020.09.29"]
[Round "8"]
[White "SergioGarciaFuentes"]
[Black "Kotofeyca"]
[Result "0-1"]
[WhiteElo "2188"]
[BlackElo "2348"]
[TimeControl "180+1"]
[EndTime "11:29:21 PDT"]
[Termination "Kotofeyca won by resignation"]

1. Nf3 d5 2. g3 c6 3. Bg2 Bg4 4. b3 Nd7 5. Bb2 f6 6. d4 e6 7. Nbd2 f5 8. c4 Ngf6 9. O-O Bd6 10. Ne5 Bh5 11. Re1 O-O 12. Qc2 Qe7 13. f3 a6 14.
e4 fxe4 15. fxe4 dxe4 16. Nxe4 Nxe4 17. Bxe4 Nxe5 18. Bxh7+ Kh8 19. Rxe5 Bxe5 20. dxe5 Qc5+ 21. Kh1 0-1

[Event "*** SCC Grand Prix: Titled Tuesday Blitz"]
[Site "Chess.com"]
[Date "2020.09.29"]
[Round "8"]
[White "northridgehawk"]
[Black "rynos0411"]
[Result "0-1"]
[WhiteElo "2316"]
[BlackElo "2424"]
[TimeControl "180+1"]
[EndTime "11:29:40 PDT"]
[Termination "rynos0411 won by resignation"]

1. e4 c6 2. d4 d5 3. exd5 cxd5 4. Bd3 Nc6 5. Ne2 Nf6 6. Nbc3 Bg4 7. f3 Bh5 8. Be3 e6 9. Qd2 Be7 10.
O-O-O a6 11. h4 Bg6 12. Nf4 Qa5 13. g4 O-O-O 14. h5 Bxd3 15. Nxd3 Nd7 16. Kb1 Nb6 17. Qe2 Nc4 18. Bc1 Nxd4 19. Qf2 Nb5 20. Nxb5 Qxb5 21. Rhe1 Kb8 22. g5 Rc8 23. Qd4 Na3+ 24.
Ka1 Nxc2+ 25. Kb1 Nxd4 0-1

[Event "*** SCC Grand Prix: Titled Tuesday Blitz"]
[Site "Chess.com"]
[Date "2020.09.29"]
[Round "8"]
[White "Larina_Marija"]
[Black "Rital44"]
[Result "0-1"]
[WhiteElo "2187"]
[BlackElo "2347"]
[TimeControl "180+1"]
[EndTime "11:29:44 PDT"]
[Termination "Rital44 won by checkmate"]

1. e4 e5 2. Nf3 Nc6 3. Nc3 Nf6 4.
Bb5 Nd4 5. Bc4 Bc5 6. Nxe5 O-O 7. Nd3 Bb6 8. O-O d5 9. exd5 Bg4 10. f3 Nxf3+ 11. Kh1 Nxh2 12. Qe1 Nxf1 13. Qxf1 Qd6 14. Nf4 Rfe8 15. d3 Re5 16. Na4 Nh5 17. Kh2 Bd4 18.
c3 Nxf4 19. Bxf4 Rh5+ 20. Kg3 Qg6 21. Qe1 Bh3+ 22. Kf3 Qxg2# 0-1

[Event "*** SCC Grand Prix: Titled Tuesday Blitz"]
[Site "Chess.com"]
[Date "2020.09.29"]
[Round "8"]
[White "DrMamaliga"]
[Black "FontVella8"]
[Result "0-1"]
[WhiteElo "2310"]
[BlackElo "2488"]
[TimeControl "180+1"]
[EndTime "11:29:52 PDT"]
[Termination "FontVella8 won by resignation"]

1. d4 d5 2. c4 dxc4 3. e3 Nf6 4. Bxc4 e6 5. Nf3 c5 6. O-O Nc6 7. Nc3 a6 8. a4 cxd4 9. exd4 Be7 10. Bg5 O-O 11. Re1 Nb4 12. Ne5 Nfd5 13. Bxe7 Nxe7 14.
Qb3 Nbc6 15. Nxc6 Nxc6 16. d5 Na5 17. Qb4 Nxc4 18. Qxc4 exd5 19. Qxd5 Be6 20. Qxb7 Rb8 21. Qxa6 Rxb2 22. Rad1 Qh4 23. Re2 Bc4 0-1

[Event "*** SCC Grand Prix: Titled Tuesday Blitz"]
[Site "Chess.com"]
[Date "2020.09.29"]
[Round "8"]
[White "Kaslask"]
[Black "rugbyclub"]
[Result "1-0"]
[WhiteElo "2343"]
[BlackElo "2161"]
[TimeControl "180+1"]
[EndTime "11:29:53 PDT"]
[Termination "Kaslask won by resignation"]

1. c4 e5 2. Nc3 Nf6 3. e3 Nc6 4.
Qc2 Bb4 5. Nd5 O-O 6. Nxb4 Nxb4 7. Qc3 Qe7 8. a3 Nc6 9. d3 d5 10. cxd5 Nxd5 11. Qc2 a5 12. Be2 Be6 13. Nf3 a4 14. Bd2 Rfd8 15. O-O f6 16. Rfd1 Rd7 17. Bc3 Nb6 18. Nd2 Rad8 19. Rdc1 Bf5 20. Ne4 Be6 21. Be1 Bb3 22. Qc5 Qf7 23. Qc3 Nd5 24. Qd2 Na5 25.
Qxa5 1-0

[Event "*** SCC Grand Prix: Titled Tuesday Blitz"]
[Site "Chess.com"]
[Date "2020.09.29"]
[Round "8"]
[White "r31415"]
[Black "anon219"]
[Result "0-1"]
[WhiteElo "2468"]
[BlackElo "2740"]
[TimeControl "180+1"]
[EndTime "11:29:57 PDT"]
[Termination "anon219 won by resignation"]

1. e4 c5 2. Nf3 a6 3. c4 e6 4.
Nc3 Qc7 5. d4 cxd4 6. Nxd4 Nf6 7. a3 b6 8. f4 Bb7 9. Bd3 Bc5 10. Nc2 d5 11. e5 dxc4 12. exf6 cxd3 13. fxg7 Rg8 14.
Qxd3 Rxg7 15. Ne4 Rxg2 16. Nf6+ Ke7 17. Nxh7 Rxc2 0-1

[Event "*** SCC Grand Prix: Titled Tuesday Blitz"]
[Site "Chess.com"]
[Date "2020.09.29"]
[Round "8"]
[White "floplover"]
[Black "AsaHoffmann"]
[Result "0-1"]
[WhiteElo "2304"]
[BlackElo "2408"]
[TimeControl "180+1"]
[EndTime "11:30:08 PDT"]
[Termination "AsaHoffmann won by resignation"]

1. d4 Nf6 2. c4 c5 3. d5 e5 4. Nc3 d6 5. e4 Be7 6. Be2 Nbd7 7. Nf3 Nf8 8. O-O Ng6 9. Ne1 O-O 10. Nd3 a6 11. a3 b5 12. cxb5 axb5 13. f3 b4 14. Nb1 Nd7 15. Be3 Bg5 16. Bf2 Nb6 17. Nd2 bxa3 18. Rxa3 Ba6 19. Qc2 Bxd2 20. Qxd2 Nc4 21.
Qc3 Nxa3 22. bxa3 Bxd3 23. Bxd3 Qa5 24. Qxa5 Rxa5 25. h4 Rxa3 26. Bb5 Rb8 27. Bc6 Rb2 28. h5 Nf4 0-1

[Event "*** SCC Grand Prix: Titled Tuesday Blitz"]
[Site "Chess.com"]
[Date "2020.09.29"]
[Round "8"]
[White "carlsen1001"]
[Black "Playgood28"]
[Result "1-0"]
[WhiteElo "2431"]
[BlackElo "2321"]
[TimeControl "180+1"]
[EndTime "11:30:17 PDT"]
[Termination "carlsen1001 won by resignation"]

1. e4 e5 2. Nf3 d6 3. d4 exd4 4. Nxd4 Nf6 5. Nc3 Be7 6. Be2 O-O 7. O-O c5 8. Nb3 Nc6 9. f4 a6 10. a4 Nb4 11. Kh1 Be6 12. Bf3 d5 13. e5 Ne8 14.
Ne2 Nc7 15. c3 Nc6 16. Ng3 d4 17. cxd4 Bxb3 18. Qxb3 Nxd4 19. Qxb7 Nxf3 20. Qxf3 Rb8 21. Rd1 Qc8 22. f5 Bh4 23. Ne4 Rb4 24. Bd2 Rd4 25. Bc3 Rxd1+ 26. Rxd1 Rd8 27. Nd6 Qa8 28. Qh5 Bf2 29.
Qxf7+ Kh8 30. Qxc7 1-0

[Event "*** SCC Grand Prix: Titled Tuesday Blitz"]
[Site "Chess.com"]
[Date "2020.09.29"]
[Round "8"]
[White "Mbneu"]
[Black "geordie_derraugh"]
[Result "1-0"]
[WhiteElo "2317"]
[BlackElo "2390"]
[TimeControl "180+1"]
[EndTime "11:30:18 PDT"]
[Termination "Mbneu won by resignation"]

1. d4 Nf6 2. c4 e6 3. Nc3 Bb4 4. Bg5 c5 5. d5 h6 6. Bd2 O-O 7. f3 d6 8. e4 Nbd7 9. Nge2 b5 10. Nf4 exd5 11. Ncxd5 Bxd2+ 12. Qxd2 bxc4 13. Bxc4 Ne5 14. Be2 Nxd5 15. Nxd5 Qh4+ 16. g3 Qh3 17. Kf2 Rd8 18. Rac1 Rb8 19. Rxc5 f5 20. Nf4 Nxf3 1-0

[Event "*** SCC Grand Prix: Titled Tuesday Blitz"]
[Site "Chess.com"]
[Date "2020.09.29"]
[Round "8"]
[White "Sesleria"]
[Black "ferdipy"]
[Result "0-1"]
[WhiteElo "2100"]
[BlackElo "2346"]
[TimeControl "180+1"]
[EndTime "11:30:27 PDT"]
[Termination "ferdipy won by checkmate"]

1. e4 e6 2. d4 d5 3. Nc3 Bb4 4. e5 c5 5. a3 Bxc3+ 6. bxc3 Ne7 7.
Nf3 Qc7 8. a4 b6 9. Bb5+ Bd7 10.
Bd3 Nbc6 11. O-O Na5 12. Ng5 h6 13. Qh5 g6 14. Qh3 Nf5 15. c4 dxc4 16. Bxf5 gxf5 17. dxc5 Qxe5 18. Bd2 hxg5 19. Qa3 Qxh2# 0-1

[Event "*** SCC Grand Prix: Titled Tuesday Blitz"]
[Site "Chess.com"]
[Date "2020.09.29"]
[Round "8"]
[White "TheMagnet"]
[Black "guillembaches"]
[Result "1/2-1/2"]
[WhiteElo "2571"]
[BlackElo "2423"]
[TimeControl "180+1"]
[EndTime "11:30:39 PDT"]
[Termination "Game drawn by agreement"]

1. d4 d5 2. c4 Nc6 3. cxd5 Qxd5 4. e3 e5 5. Nc3 Bb4 6. Bd2 Bxc3 7.
Bxc3 exd4 8. Ne2 Nf6 9. Nxd4 O-O 10. Nxc6 Qxc6 11. Qf3 Nd5 12. Rc1 Be6 13. Be2 Nxc3 14. Qxc6 bxc6 15. Rxc3 Bxa2 16. Rxc6 Bd5 17. Rxc7 Bxg2 18.
Rg1 Bd5 19. Rg5 Be6 20. Rb5 g6 21. Rbb7 a5 22. Bb5 a4 23. Bc4 Bxc4 24. Rxc4 a3 25. bxa3 Rxa3 26. Rf4 Ra6 27. h4 h5 28. Ke2 Kg7 29. Kf3 Rf6 30. Rxf6 Kxf6 31. Kf4 Ra8 32.
Rb6+ Kg7 33. f3 Ra5 34. e4 Rc5 35. Rb7 Ra5 36. Rc7 Rb5 37. Rd7 Ra5 38. Rc7 1/2-1/2

[Event "*** SCC Grand Prix: Titled Tuesday Blitz"]
[Site "Chess.com"]
[Date "2020.09.29"]
[Round "8"]
[White "Makswolf200817"]
[Black "Sueetin"]
[Result "0-1"]
[WhiteElo "2408"]
[BlackElo "2295"]
[TimeControl "180+1"]
[EndTime "11:30:39 PDT"]
[Termination "Sueetin won by resignation"]

1. d4 Nf6 2. c4 e6 3. Nf3 d5 4. g3 Bb4+ 5. Bd2 Be7 6. Bg2 O-O 7. O-O Nbd7 8. Qc2 c6 9. Bf4 Ne4 10. Nc3 Nd6 11. c5 Nf5 12. b4 g5 13. Be3 g4 14.
Nd2 Bf6 15. Nb3 Nxe3 16. fxe3 Bg5 17. e4 e5 18. dxe5 d4 19. e6 Ne5 20. exf7+ Rxf7 21.
Rxf7 Kxf7 22. Rd1 Be3+ 23. Kh1 Qg5 24. Nxd4 Kg7 25. Nf5+ Bxf5 26. exf5 Rd8 27. Rxd8 Qxd8 28. Ne4 Qd4 29. f6+ Kf8 30. h3 Qa1+ 0-1

[Event "*** SCC Grand Prix: Titled Tuesday Blitz"]
[Site "Chess.com"]
[Date "2020.09.29"]
[Round "8"]
[White "SophieNikoladze"]
[Black "Skatchkov_V"]
[Result "0-1"]
[WhiteElo "2300"]
[BlackElo "2618"]
[TimeControl "180+1"]
[EndTime "11:30:43 PDT"]
[Termination "Skatchkov_V won by resignation"]

1. d4 Nf6 2. Nf3 e6 3. e3 b6 4.
Bd3 Bb7 5. c4 Be7 6. Nc3 d5 7.
Qc2 O-O 8. O-O c5 9. cxd5 exd5 10. Ne5 Nc6 11. Nxc6 Bxc6 12. dxc5 bxc5 13. b3 Rc8 14. Bb2 c4 15. bxc4 dxc4 16. Bf5 Qa5 17. Rfd1 Rb8 18.
e4 Bc5 19. Ne2 Nxe4 20. Bxg7 Nxf2 21. Rd4 Kxg7 22. Kxf2 Rbd8 23. Rd1 Rfe8 24. Kf1 Bxd4 25. Nxd4 Rxd4 26. Qb2 c3 0-1

[Event "*** SCC Grand Prix: Titled Tuesday Blitz"]
[Site "Chess.com"]
[Date "2020.09.29"]
[Round "8"]
[White "ChessSkool"]
[Black "Sergey85Rodchenkov"]
[Result "1-0"]
[WhiteElo "2702"]
[BlackElo "2469"]
[TimeControl "180+1"]
[EndTime "11:30:44 PDT"]
[Termination "ChessSkool won by resignation"]

1. d4 Nf6 2. Bf4 b6 3. e3 Bb7 4. Nf3 g6 5. c4 Bg7 6. Nc3 O-O 7.
Be2 d6 8. h3 Nbd7 9. Bh2 Re8 10. O-O e5 11. Qc2 exd4 12. Nxd4 Nc5 13. Bf3 Bxf3 14.
Nxf3 Nfe4 15. Nd5 a5 16. Rad1 Qd7 17. Nd4 f5 18. Nb5 Rac8 19. f3 Nf6 20. Ndxc7 Rxc7 21. Rxd6 Qe7 22. Nxc7 Qxe3+ 23. Kh1 Rc8 24. Nd5 Nxd5 25.
Rxd5 h5 26. b3 h4 27. Qd2 Qe7 28. Re1 Qf7 29. Be5 Ne6 30. Rd7 Qf8 31. Qd5 1-0

[Event "*** SCC Grand Prix: Titled Tuesday Blitz"]
[Site "Chess.com"]
[Date "2020.09.29"]
[Round "8"]
[White "swimmerchess"]
[Black "Margency"]
[Result "1-0"]
[WhiteElo "2837"]
[BlackElo "2645"]
[TimeControl "180+1"]
[EndTime "11:30:46 PDT"]
[Termination "swimmerchess won by resignation"]

1. e4 e5 2. Nf3 Nc6 3. Bb5 Nge7 4. c3 g6 5. d4 exd4 6. cxd4 Bg7 7. d5 a6 8. Ba4 b5 9. Bb3 Na5 10. Bd2 c5 11. d6 Nec6 12. Bd5 O-O 13. Bc3 Bxc3+ 14.
Nxc3 Bb7 15. O-O Nb4 16. Bxb7 Nxb7 17. e5 f6 18. a3 Nc6 19. Qd5+ Kg7 20. e6 Qb6 21. e7 Rf7 22. Rfe1 Re8 23. Rad1 Na7 24. Ne4 Nc8 25. h4 Na5 26. Nxc5 1-0

[Event "*** SCC Grand Prix: Titled Tuesday Blitz"]
[Site "Chess.com"]
[Date "2020.09.29"]
[Round "8"]
[White "tk22h"]
[Black "SergeyShtyka"]
[Result "1-0"]
[WhiteElo "2327"]
[BlackElo "2375"]
[TimeControl "180+1"]
[EndTime "11:30:50 PDT"]
[Termination "tk22h won by resignation"]

1. c4 c5 2. Nf3 Nc6 3. Nc3 g6 4. e3 Bg7 5. d4 cxd4 6. exd4 d6 7. d5 Ne5 8. Nxe5 Bxe5 9. Be2 Bg7 10. O-O Nf6 11. Be3 O-O 12. Bd4 a6 13. Qd2 Bf5 14.
Bf3 Rc8 15. b3 Nd7 16. Bxg7 Kxg7 17. Qd4+ Kg8 18. g4 Ne5 19. Be2 Bd3 20. Kg2 Bxe2 21. Nxe2 f5 22. g5 b5 23. Rac1 bxc4 24. bxc4 Qa5 25.
Nf4 Qxa2 26. Ne6 Rfe8 27. c5 Qb3 28. Rc3 Qa2 29. Re3 h6 30. Rxe5 1-0

[Event "*** SCC Grand Prix: Titled Tuesday Blitz"]
[Site "Chess.com"]
[Date "2020.09.29"]
[Round "8"]
[White "Zarinur"]
[Black "korkmaz16"]
[Result "1-0"]
[WhiteElo "2201"]
[BlackElo "2326"]
[TimeControl "180+1"]
[EndTime "11:30:51 PDT"]
[Termination "Zarinur won by resignation"]

1. e4 d5 2. exd5 Nf6 3. d4 Bg4 4. Be2 Bxe2 5. Nxe2 Qxd5 6. O-O Nc6 7. h3 O-O-O 8. c3 e5 9. Be3 Bc5 10. Qa4 exd4 11. cxd4 Nxd4 12. Nxd4 Bxd4 13. Rd1 c5 14. Nc3 Qc6 15. Qxa7 Bxe3 16. fxe3 Rhe8 17. Qa8+ Kc7 18. Qa5+ Kc8 19. Nb5 Rd5 20. Na7+ Kd7 21. Nxc6 Kxc6 22. Qa4+ Kc7 23. Rxd5 1-0

[Event "*** SCC Grand Prix: Titled Tuesday Blitz"]
[Site "Chess.com"]
[Date "2020.09.29"]
[Round "8"]
[White "Superfelix"]
[Black "giantslayer83"]
[Result "0-1"]
[WhiteElo "2499"]
[BlackElo "2706"]
[TimeControl "180+1"]
[EndTime "11:30:52 PDT"]
[Termination "giantslayer83 won by resignation"]

1. e4 c6 2. Nc3 d5 3. Qe2 d4 4. Nd1 e5 5. d3 Bd6 6. g3 c5 7. f4 Nc6 8. Nf3 Nge7 9. Nf2 f6 10. Bh3 Bxh3 11. Nxh3 Qd7 12. f5 g6 13. g4 h5 14. Nf2 O-O-O 15. gxh5 gxf5 16. exf5 Nxf5 17.
Ne4 Be7 18. Bd2 Qe8 19. h6 Nxh6 20. Bxh6 Rxh6 21. Ng3 Qd7 22. Qe4 Nb4 23. Nf5 Rh3 24.
O-O-O Nxa2+ 25. Kb1 Nb4 26. b3 Bf8 27. Kb2 Qd5 28.
Qg4 Qxf3 29. Nd6+ Kb8 0-1

[Event "*** SCC Grand Prix: Titled Tuesday Blitz"]
[Site "Chess.com"]
[Date "2020.09.29"]
[Round "8"]
[White "AleksanderHnydiuk"]
[Black "XDPS"]
[Result "0-1"]
[WhiteElo "2557"]
[BlackElo "2754"]
[TimeControl "180+1"]
[EndTime "11:31:09 PDT"]
[Termination "XDPS won on time"]

1. e4 c5 2. Nf3 d6 3. d4 cxd4 4. Nxd4 Nf6 5. Nc3 a6 6. Be3 e6 7. Qd2 b5 8. f3 b4 9. Na4 Nbd7 10. g4 h6 11. O-O-O Qa5 12. b3 Bb7 13. a3 Qc7 14. axb4 d5 15. b5 e5 16. bxa6 Bxa6 17.
Nb5 Bxb5 18. Bxb5 d4 19. Bf2 Ba3+ 20. Kb1 O-O 21. g5 hxg5 22. Qxg5 Rfb8 23. Rhg1 Bf8 24. Bxd7 Qxd7 0-1

[Event "*** SCC Grand Prix: Titled Tuesday Blitz"]
[Site "Chess.com"]
[Date "2020.09.29"]
[Round "8"]
[White "WinstonSilvakov"]
[Black "MariaFominykh"]
[Result "0-1"]
[WhiteElo "2145"]
[BlackElo "2318"]
[TimeControl "180+1"]
[EndTime "11:31:10 PDT"]
[Termination "MariaFominykh won by checkmate"]

1. d4 d6 2. e4 Nf6 3. Nc3 e5 4. dxe5 dxe5 5. Qxd8+ Kxd8 6. Bc4 Be6 7. Bxe6 fxe6 8. Nf3 Bd6 9. Be3 a6 10. h3 Nbd7 11.
O-O-O Ke7 12. g4 b5 13. b3 b4 14. Na4 Nxe4 15. Rhe1 Nef6 16. Nh4 Nd5 17. Ng2 Rhf8 18. Nb2 Nxe3 19. fxe3 Rf2 20. Rg1 Nb6 21. Nd3 Rf3 22. h4 Nd5 23. Rde1 a5 24. Re2 Nc3 25. Ree1 Nxa2+ 26.
Kb2 Nc3 27. Ra1 e4 28. Ndf4 Be5 29. Rae1 a4 30. bxa4 Rxa4 31. Kb3 c5 32. Ne2 Ra3+ 33. Kc4 Nxe2 34. Rxe2 Kd6 35. Rd1+ Kc6 36. Rd8 Rc3# 0-1

[Event "*** SCC Grand Prix: Titled Tuesday Blitz"]
[Site "Chess.com"]
[Date "2020.09.29"]
[Round "8"]
[White "Tenamu"]
[Black "dodorox"]
[Result "1-0"]
[WhiteElo "2369"]
[BlackElo "2046"]
[TimeControl "180+1"]
[EndTime "11:31:17 PDT"]
[Termination "Tenamu won by checkmate"]

1. d4 Nf6 2. Nc3 d5 3. Bf4 e6 4. a3 Bd6 5. e3 Bxf4 6. exf4 O-O 7. g4 c5 8. dxc5 Nc6 9. b4 a5 10. b5 Ne7 11. Qd4 Nxg4 12. Bd3 Ng6 13. h3 Qf6 14. Nf3 Qxd4 15. Nxd4 Nf6 16. Nce2 Nh5 17. Bxg6 fxg6 18. f5 gxf5 19. f4 Nf6 20. Ng3 Ne4 21. Nxe4 fxe4 22.
O-O Bd7 23. c6 bxc6 24. bxc6 Be8 25. Rab1 Rc8 26. c7 Rf7 27. Nxe6 Bd7 28. Nd8 Re7 29. Rb7 Bxh3 30. Rd1 Rexc7 31. Rxc7 Rxc7 32. Rxd5 Rxc2 33. Re5 Rg2+ 34. Kh1 Re2 35. Re8# 1-0

[Event "*** SCC Grand Prix: Titled Tuesday Blitz"]
[Site "Chess.com"]
[Date "2020.09.29"]
[Round "8"]
[White "kosya4ok"]
[Black "vladislavkovalev"]
[Result "0-1"]
[WhiteElo "2615"]
[BlackElo "2850"]
[TimeControl "180+1"]
[EndTime "11:31:21 PDT"]
[Termination "vladislavkovalev won by resignation"]

1. d4 Nf6 2. c4 g6 3. Nc3 Bg7 4. e4 d6 5. Nf3 O-O 6. Be2 e5 7. O-O Na6 8. Be3 Ng4 9. Bg5 Qe8 10. d5 f6 11. Bd2 f5 12. Ng5 Nf6 13. Bf3 f4 14.
Be2 h6 15. Ne6 Bxe6 16. dxe6 Qxe6 17. b4 c6 18. Qb3 Kh7 19. Rfd1 Nc7 20. Be1 g5 21. f3 h5 22. a4 g4 23. a5 Rf7 24.
Qa2 Rg8 25. Kh1 gxf3 26. gxf3 Bf8 27. Bf1 Rfg7 28. Bf2 Ng4 29. fxg4 Qxg4 30. Bg3 fxg3 31. Be2 Qh3 32. Bf3 g2+ 0-1

[Event "*** SCC Grand Prix: Titled Tuesday Blitz"]
[Site "Chess.com"]
[Date "2020.09.29"]
[Round "8"]
[White "ZverevLev"]
[Black "shineatchess"]
[Result "1-0"]
[WhiteElo "2359"]
[BlackElo "2204"]
[TimeControl "180+1"]
[EndTime "11:31:28 PDT"]
[Termination "ZverevLev won by resignation"]

1. e4 Nf6 2. e5 Nd5 3. c4 Nb6 4. d4 d6 5. exd6 cxd6 6. Nc3 g6 7. Be3 Bg7 8. Rc1 O-O 9. Nf3 Bg4 10. Be2 Nc6 11.
b3 d5 12. c5 Nc8 13. h3 Bxf3 14. Bxf3 e6 15. O-O N8e7 16. g4 e5 17. Ne2 f5 18.
dxe5 Nxe5 19. Bg2 fxg4 20. hxg4 Nxg4 21. Nd4 Nxe3 22. fxe3 Qd7 23. Qe2 Nf5 24. Nxf5 Rxf5 25. Rxf5 Qxf5 26. Rf1 Qg5 27. Qf3 d4 28. Qd5+ Qxd5 29.
Bxd5+ Kh8 30. Bxb7 Rd8 31. c6 Be5 32. exd4 Rxd4 33. Re1 Bc7 34. Re8+ Kg7 35. Re7+ Kf6 36. Rxc7 1-0

[Event "*** SCC Grand Prix: Titled Tuesday Blitz"]
[Site "Chess.com"]
[Date "2020.09.29"]
[Round "8"]
[White "tmr88"]
[Black "AttilaTurzo"]
[Result "0-1"]
[WhiteElo "2100"]
[BlackElo "2406"]
[TimeControl "180+1"]
[EndTime "11:31:28 PDT"]
[Termination "AttilaTurzo won by resignation"]

1. e4 c5 2. Nf3 Nc6 3. d4 cxd4 4. Nxd4 Nf6 5. Nc3 d6 6. Bc4 e6 7. Be3 a6 8. Bb3 Na5 9. Qe2 Be7 10. O-O-O b5 11. f4 Qc7 12. g4 b4 13. g5 bxc3 14.
gxf6 Bxf6 15. Ba4+ Bd7 16. Bxd7+ Qxd7 17. e5 cxb2+ 18.
Kb1 dxe5 19. fxe5 Bxe5 20. Nb3 Qb5 21. Qxb5+ axb5 22. h3 Nc4 23. Bd4 Bxd4 24. Nxd4 b4 25.
Nc6 O-O 26. Nxb4 Rfb8 27. c3 Ra3 28. Rd3 g5 29. Rhd1 Kg7 30. Rh1 h5 31. h4 g4 32.
Nc6 Rb6 33. Nb4 Rxb4 34. Rg1 0-1

[Event "*** SCC Grand Prix: Titled Tuesday Blitz"]
[Site "Chess.com"]
[Date "2020.09.29"]
[Round "8"]
[White "azikom"]
[Black "mr_gustavo"]
[Result "1-0"]
[WhiteElo "2644"]
[BlackElo "2376"]
[TimeControl "180+1"]
[EndTime "11:31:29 PDT"]
[Termination "azikom won on time"]

1. d4 Nf6 2. Nf3 e6 3. Bf4 d5 4. e3 Bd6 5. Bg3 O-O 6. c4 c6 7.
Nc3 Qc7 8. Qc2 a6 9. c5 Bxg3 10. hxg3 Nbd7 11. Bd3 h6 12. O-O-O b5 13. e4 dxe4 14.
Nxe4 Nxe4 15. Bxe4 Nf6 16. Ne5 Nd5 17. Kb1 a5 18. g4 Nb4 19. Qd2 f6 20. Ng6 Rd8 21. a3 Nd5 22. f4 b4 23. a4 b3 24. g5 fxg5 25. fxg5 Ba6 26. gxh6 Nf6 27. h7+ Nxh7 28. Rxh7 Kxh7 29. Rh1+ Kg8 30. Qf2 1-0